AoeStats
← adjorno

Black Forest

508177298Analyzed
2v2 RM · 10d ago on Sep 21, 2026· 42m 38s· 4 players
Game mode
Random Map
Map size
Medium (4 player)
Population
200
Speed
Normal
Resources
Standard
Victory
Conquest
Starting age
Dark Age
Ending age
Imperial Age
RankedLock teamsTeams togetherTeam positionsShared explorationLock speedFull tech treeHidden civsTurbo modeCheats
Victory
Defeat
🇧🇩 Persians · Bangladesh
1010
+19
🇪🇸 Turks · Spain
982
+20
🇹🇷 Mongols · Türkiye
1104
-20
🇳🇱 Franks · Netherlands
1060
-19
adjorno
0:59 Loom
13:15 Feudal Age
14:27 Fishing Lines
18:34 Castle Age
18:06 Stone Mining
19:02 Double-Bit Axe
21:00 Bow Saw
23:23 Wheelbarrow
23:28 Gillnets
25:13 Scale Mail Armor
27:05 Hand Cart
27:09 Gold Mining
28:25 Gold Shaft Mining
30:34 Imperial Age
28:41 Chain Mail Armor
29:32 Forging
29:18 Fletching
30:10 #83
30:11 Pikeman
30:52 Squires
31:31 Iron Casting
32:31 Chemistry
31:10 Halberdier
32:08 Bodkin Arrow
33:03 Caravan
33:28 Conscription
34:59 Plate Mail Armor
35:02 Coinage
34:34 Elite Throwing Axeman
35:13 Town Watch
36:14 Banking
38:52 Padded Archer Armor
39:03 Siege Engineers
39:19 Ballistics
40:32 Cavalier
42:17 Paladin
43:00 Husbandry
Eru
3:09 Loom
3:12 Loom
6:50 Loom
8:57 Loom
11:10 Feudal Age
12:35 Double-Bit Axe
13:46 Gold Mining
14:06 Fishing Lines
17:35 Castle Age
16:25 Stone Mining
18:40 Bow Saw
18:10 Horse Collar
18:23 Gold Mining
20:10 Gillnets
23:00 Town Watch
28:15 Imperial Age
26:28 Fletching
27:07 Bodkin Arrow
27:13 Padded Archer Armor
27:41 Heavy Plow
30:43 Conscription
30:49 Bracer
31:43 Ballistics
32:32 Gold Shaft Mining
34:43 Chemistry
34:06 Nomads
34:23 Leather Archer Armor
34:50 Drill
36:07 Onager
38:08 Scale Barding Armor
37:31 Heavy Camel Rider
omarsarwar07
0:36 Loom
13:09 Feudal Age
14:20 Wheelbarrow
17:29 Castle Age
16:41 Double-Bit Axe
16:39 Horse Collar
28:02 Bow Saw
33:26 Imperial Age
32:27 Scale Barding Armor
32:33 Forging
32:56 Bloodlines
32:46 Husbandry
33:12 Cavalier
34:37 Iron Casting
37:18 Chain Barding Armor
36:52 Gold Mining
38:46 Blast Furnace
37:47 Scale Mail Armor
37:38 Fletching
38:27 Gold Shaft Mining
37:43 Stone Mining
37:26 Pikeman
37:55 Savar
40:32 Halberdier
40:58 Gambesons
41:14 Light Cavalry
Karstico
12:20 Feudal Age
12:44 Horse Collar
12:52 Double-Bit Axe
18:09 Castle Age
19:18 Heavy Plow
20:44 Wheelbarrow
20:41 Bow Saw
20:36 Stone Mining
21:02 Gold Mining
23:43 Loom
24:33 Hand Cart
31:53 Imperial Age
29:31 Caravan
31:30 Padded Archer Armor
33:38 Two-Man Saw
32:13 Elite Janissary
34:20 Artillery
35:16 Leather Archer Armor
35:34 Conscription
37:27 Ballistics
Connection lost

Rejoining the realm…

Still unreachable

The connection could not be restored.

Session expired

The server has moved on; the page needs a fresh start.